 Dungeon Crawl Stone Soup version 0.23.1 (webtiles) character file.

Game seed: 4764156578060999529

49 Revguard the Magician (level 3, -6/27 HPs)
             Began as a Draconian Wizard on Mar 3, 2019.
             Killed from afar by Natasha (9 damage)
             ... with a magic dart
             ... on level 2 of the Dungeon.
             The game lasted 00:07:23 (1389 turns).

Revguard the Magician (Draconian Wizard)            Turns: 1389, Time: 00:07:24

Health: -6/27      AC:  5    Str:  9    XL:     3   Next: 51%
Magic:  0/8        EV: 12    Int: 18    God:
Gold:   34         SH:  0    Dex: 10    Spells: 2/9 levels left

rFire    . . .     SeeInvis .   b - +0 club
rCold    + . .     Gourm    .   (no shield)
rNeg     . . .     Faith    .   (armour unavailable)
rPois    .         Spirit   .   a - +0 hat
rElec    .         Reflect  .   (no cloak)
rCorr    .         Harm     .   (no gloves)
MR       .....                  (no boots)
Stlth    ++........             (no amulet)
HPRegen  0.09/turn              (no ring)
MPRegen  0.11/turn              f - ring of protection from cold

@: slowed, very slow
A: unfitting armour, cold-blooded, AC +5
a: no special abilities


You were on level 2 of the Dungeon.
You were not hungry.

You visited 1 branch of the dungeon, and saw 2 of its levels.

You collected 34 gold pieces.

Inventory:

Hand Weapons
 b - a +0 club (weapon)
Armour
 a - a +0 hat (worn)
Jewellery
 f - a ring of protection from cold (right hand)
 g - a -3 ring of protection
Scrolls
 h - a scroll of fog {unknown}
Potions
 e - 2 potions of flight
 i - a potion of lignification {unknown}
Comestibles
 c - 2 rations
 d - 2 chunks of flesh


   Skills:
 + Level 0.6 Fighting
 + Level 0.3 Maces & Flails
 + Level 2.0 Dodging
 + Level 1.8 Stealth
 + Level 3.8 Spellcasting
 + Level 1.1 Conjurations
 + Level 0.1 Hexes
 + Level 1.4 Summonings
 + Level 1.1 Translocations


You had 2 spell levels left.
You knew the following spells:

 Your Spells              Type           Power        Failure   Level  Hunger
a - Magic Dart            Conj           #...         10%         1    None
b - Call Imp              Summ           #.......     13%         2    ##.....
c - Blink                 Tloc           N/A          14%         2    ##.....
d - Slow                  Hex            #.......     22%         2    ##.....

Your spell library contained the following spells:

 Spells                   Type           Power        Failure   Level  Hunger
 Conjure Flame            Conj/Fire      #.......     34%         3    ###....
 Mephitic Cloud           Conj/Pois/Air  #.......     36%         3    ###....


Dungeon Overview and Level Annotations

Branches:
Dungeon (2/15)

Altars:

Annotations:
D:2 Natasha


Innate Abilities, Weirdness & Mutations

Your plain brown scales are hard. (AC +5)
You cannot fit into any form of body armour.
You are cold-blooded and may be slowed by cold attacks.


Message History

Natasha is heavily wounded.
Natasha claws you. Natasha claws you!
* * * LOW HITPOINT WARNING * * *
Casting: Magic Dart (safe; 10% risk of failure)
Confirm with . or Enter, or press ? or * to list all spells.
Aiming: Magic Dart (safe; 10% risk of failure)
Press: ? - help, Shift-Dir - straight line, f/p - Natasha
Aim: Natasha (heavily wounded)
The magic dart hits Natasha.
Natasha is heavily wounded.
Natasha casts a spell at you. You resist with significant effort.
You hit Natasha.
Natasha is severely wounded.
Natasha barely misses you. Natasha claws you but does no damage.
You closely miss Natasha. You tail-slap Natasha.
Natasha is severely wounded.
Natasha stares at you and mumbles some strange words.
The magic dart hits you!
You die...

#. ## ..###.## ...
#.#.## #.# #...#
#.# #...# #####.###
#...# #.......#
##...#
#.#.#####....####.
##.†...............
#.@####..#.........
#...h##
##.##........ #.#..
#..#...####. # #..
...#...# #..
..##...# #..
####....# #.# ....#
.. .....


You could see Natasha.

Vanquished Creatures
  An adder (D:2)
  A dart slug (D:1)
  2 giant cockroaches (D:1)
  6 goblins (D:1)
  A hobgoblin (D:1)
  2 jackals (D:1)
  A bat (D:1)
  4 rats
18 creatures vanquished.

Vanquished Creatures (collateral kills)
  Natasha (D:2)
  A worm (D:2)
  3 jackals
  A ball python (D:2)
6 creatures vanquished.

Grand Total: 24 creatures vanquished

Notes
Turn   | Place    | Note
-------+----------+-------------------------------------------
     0 | D:1      | Revguard the Draconian Wizard began the quest for the Orb.
     0 | D:1      | Reached XP level 1. HP: 14/14 MP: 4/4
   270 | D:1      | Reached XP level 2. HP: 3/22 MP: 0/6
   544 | D:1      | Learned a level 2 spell: Call Imp
   547 | D:1      | Learned a level 2 spell: Blink
   550 | D:1      | Learned a level 2 spell: Slow
  1167 | D:2      | Reached XP level 3. HP: 17/27 MP: 0/8
  1329 | D:2      | Noticed Natasha
  1334 | D:2      | Killed Natasha
  1367 | D:2      | Noticed Natasha
  1389 | D:2      | Killed from afar by Natasha

Skill      XL: |  1  2  3 |
---------------+----------+-----
Dodging        | 2 |  2.0
Fighting       | |  0.6
Maces & Flails | |  0.3
Stealth        | |  1.8
Spellcasting   | |  3.8
Conjurations   | |  1.1
Hexes          | |  0.1
Summonings     | |  1.4
Translocations | |  1.1

Action                   || total
-------------------------++-------
Melee: Unarmed           ||    15
       Club              ||    50
       Tailslap          ||     5
 Cast: Magic Dart        ||    35
       Call Imp          ||    13
       Blink             ||     2
       Slow              ||     1
  Use: Potion            ||     4
       Scroll            ||     2
  Eat: Chunk             ||     2
Armor: Skin              ||    12
Dodge: Dodged            ||    69
